 Dungeon Crawl Stone Soup version 0.21.1-1-g345015f (webtiles) character file.

310 iamserjio the Ducker (level 6, -4/45 HPs)
             Began as an Octopode Monk on Apr 7, 2018.
             Was a Believer of Dithmenos.
             Slain by Pikel
             ... wielding a +1 whip of flaming
              (6 damage)
             ... on level 4 of the Dungeon.
             The game lasted 00:12:03 (4148 turns).

iamserjio the Ducker (Octopode Monk)                Turns: 4148, Time: 00:12:04

Health: -4/45      AC:  1    Str: 11    XL:     6   Next: 41%
Magic:  6/6        EV: 15    Int: 12    God:    Dithmenos [**....]
Gold:   130        SH:  3    Dex: 16    Spells: 5/5 levels left

rFire    . . .     SeeInvis .   o - +0 falchion
rCold    . . .     Gourm    .   y - +0 buckler
rNeg     . . .     Faith    .   (helmet restricted)
rPois    .         Spirit   .   (no amulet)
rElec    .         Reflect  .   (no ring)
rCorr    .         Harm     .   (no ring)
MR       .....                  (no ring)
Stlth    +++++.....             (no ring)
HPRegen  0.15/turn              (no ring)
MPRegen  0.10/turn              (no ring)
                                (no ring)
                                (no ring)

@: wreathed by umbra
A: almost no armour, stealthy swim, amphibious, 8 rings, constrict 8, camouflage
1, gelatinous body 1
a: Shadow Step, Renounce Religion


You were on level 4 of the Dungeon.
You worshipped Dithmenos.
Dithmenos was pleased with you.
You were not hungry.

You visited 1 branch of the dungeon, and saw 4 of its levels.

You collected 130 gold pieces.

Inventory:

Hand Weapons
 a - a +0 short sword
 d - a +2 hand axe of chopping
 k - a +2 hunting sling of flaming
 n - a +0 whip of freezing
 o - a +0 falchion (weapon)
 w - a cursed -3 quarterstaff
Missiles
 l - 120 stones (quivered)
Armour
 y - a +0 buckler (worn)
Jewellery
 g - an uncursed ring of stealth {unknown}
Wands
 j - a wand of iceblast (12)
Scrolls
 c - 2 scrolls of fear {unknown}
 e - 2 scrolls of teleportation {unknown}
 h - 5 scrolls of identify {unknown}
 m - 2 scrolls of blinking {unknown}
 p - a scroll of enchant weapon {unknown}
 t - a scroll of magic mapping {unknown}
 x - a scroll of remove curse {unknown}
Potions
 f - a potion of cancellation {unknown}
 i - a potion of brilliance {unknown}
 q - a potion of curing
 r - a potion of degeneration {unknown}
 s - a potion of flight {unknown}
 u - a potion of resistance {unknown}
 z - a potion of magic {unknown}
Comestibles
 b - 3 rations
 v - 2 chunks of flesh


   Skills:
 * Level 4.8 Fighting
 - Level 3.2 Short Blades
 * Level 4.9 Dodging
 + Level 4.8 Stealth
 + Level 0.0 Shields
 + Level 0.0 Invocations


You had 5 spell levels left.
You didn't know any spells.

Dungeon Overview and Level Annotations

Branches:
Dungeon (4/15)
 Temple: D:4-7

Altars:
Dithmenos

Annotations:
D:4 Pikel; Verendum's ghost, amateur GrFi


Innate Abilities, Weirdness & Mutations

You cannot wear most types of armour.
You are very stealthy in the water. (Stealth+)
You are amphibious.
You can wear up to eight rings at the same time.
You can use your tentacles to constrict eight enemies at once.
Your skin changes colour to match your surroundings (Stealth+).
Your rubbery body absorbs attacks. (AC +1, EV +1)


Message History

The slave closely misses you. Pikel hits you with a whip of flaming.
* * * LOW HITPOINT WARNING * * *
Pikel burns you.
* * * LOW HITPOINT WARNING * * *
You hit Pikel.
Pikel is severely wounded.
You constrict Pikel, but do no damage. The slave barely misses you.
You block Pikel's attack. The slave closely misses you.
You riposte.
You closely miss the slave. Your grab misses the slave. You hit Pikel.
Pikel is severely wounded.
You constrict Pikel. Pikel misses you. The slave barely misses you.
You hit Pikel but do no damage. You squeeze Pikel, but do no damage.
Pikel is almost dead.
You constrict Pikel.
Pikel says, "Who am I kidding?
They'll work you to death!" You block Pikel's attack. The slave hits you.
* * * LOW HITPOINT WARNING * * *
Pikel hits you with a whip of flaming.
You die...

############...#
#...p......#...#
#.########.#...#
#.# #..........#
#># #.###......#
#.# #.# #..#.###
#p# #.# #..#.#
#K###.###..#.#
#.@p.......#.# #
#####)###.##.######
#.# #.......... #.#
####....... ##.#
#######. ##..# ##
##...##### #
#..#.....# #
#....###.# #


You could see Pikel and 2 slaves.

Vanquished Creatures
  2 slaves (D:4)
  A scorpion (D:4)
  A centaur skeleton (D:3)
  An iguana (D:2)
  A worker ant (D:4)
  A hound skeleton (D:4)
  Robin (D:2)
  6 adders
  An adder zombie (D:4)
  An adder skeleton (D:4)
  5 worms
  3 dart slugs
  2 leopard geckos
  2 orcs (D:4)
  5 giant cockroaches
  9 goblins
  5 hobgoblins
  5 jackals (D:3)
  6 kobolds
  3 quokkas
  A ball python (D:3)
  8 bats
  6 frilled lizards
  A leopard gecko skeleton (D:4)
  8 rats
85 creatures vanquished.

Notes
Turn   | Place    | Note
-------+----------+-------------------------------------------
     0 | D:1      | iamserjio the Octopode Monk began the quest for the Orb.
     0 | D:1      | Reached XP level 1. HP: 16/16 MP: 1/1
   167 | D:1      | Reached XP level 2. HP: 17/21 MP: 2/2
   548 | D:1      | Reached XP level 3. HP: 26/26 MP: 3/3
  1068 | D:2      | Reached XP level 4. HP: 9/33 MP: 4/4
  1395 | D:2      | Noticed Robin
  1713 | D:2      | Killed Robin
  2302 | D:2      | Found a shadowy altar of Dithmenos.
  2322 | D:2      | Became a worshipper of Dithmenos the Shadowed
  2322 | D:2      | Reached * piety under Dithmenos
  2322 | D:2      | Reached ** piety under Dithmenos
  2600 | D:3      | Reached XP level 5. HP: 34/37 MP: 5/5
  2767 | D:3      | Found a faded altar of an unknown god.
  3176 | D:4      | Noticed a slave
  3177 | D:4      | Noticed a slave
  3177 | D:4      | Noticed a slave
  3186 | D:4      | Noticed an ogre
  3194 | D:4      | Killed a slave
  3254 | D:4      | Noticed Pikel
  3255 | D:4      | Noticed a slave
  3259 | D:4      | Killed a slave
  3491 | D:4      | Noticed Verendum's ghost (amateur GrFi)
  3584 | D:4      | Reached XP level 6. HP: 44/44 MP: 6/6
  4121 | D:4      | HP: 2/45 [Pikel/whip of flaming (3)]
  4148 | D:4      | HP: 2/45 [slave[Pikel] (5)]
  4148 | D:4      | Slain by Pikel

Skill      XL: |  1  2  3  4 |
---------------+-------------+-----
Stealth        | 3 4 |  4.8
Dodging        | 4 |  4.9
Fighting       | 4 |  4.8
Short Blades   | |  3.2

Action                   |  1- 3 |  4- 6 || total
-------------------------+-------+-------++-------
Melee: Short sword       |    48 |    45 ||    93
       Constrict         |    11 |    46 ||    57
       Tentacles         |     7 |    41 ||    48
       Falchion          |       |   108 ||   108
  Use: Potion            |       |     1 ||     1
 Stab: Sleeping          |    13 |    14 ||    27
  Eat: Chunk             |       |     8 ||     8
       Ration            |       |     1 ||     1
Armor: Skin              |     4 |     9 ||    13
Dodge: Dodged            |    20 |   129 ||   149
Block: Buckler           |       |     2 ||     2
       Rpst.: Falchion   |       |    24 ||    24
